 Dungeon Crawl Stone Soup version 0.20-a0-29-g41cc41e (console) character file.

14996 Blackmore the Eclecticist (level 11, -3/54 HPs)
             Began as a Deep Elf Ice Elementalist on Nov 8, 2016.
             Was an Elder of Sif Muna.
             Killed from afar by Harold (45 damage)
             ... with a bolt of fire
             ... on level 1 of the Lair of Beasts.
             The game lasted 01:14:31 (16729 turns).

Blackmore the Eclecticist (DEIE)                   Turns: 16729, Time: 01:14:31

Health: -3/54      AC:  4    Str:  5    XL:     11   Next: 96%
Magic:  13/32      EV: 13    Int: 29    God:    Sif Muna [****..]
Gold:   924        SH:  0    Dex: 15    Spells: 12 memorised, 8 levels left

rFire  x . .     SeeInvis .     L - +3 short sword (venom)
rCold  + . .     Gourm    .     J - +1 leather armour of Peek-a-Boo {*Corrode rPois Int+5}
rNeg   . . .     Faith    .     (no shield)
rPois  +         Spirit   .     (no helmet)
rElec  .         Reflect  .     (no cloak)
rCorr  .         Harm     .     (no gloves)
MR     ++...                    (no boots)
Stlth  +++.......               (no amulet)
                                K - ring of ice
                                P - ring of protection from magic

@: repel missiles, divine energy
A: no striking features
a: Stop Divine Energy, Channel Magic, Forget Spell, Renounce Religion


You were on level 1 of the Lair of Beasts.
You worshipped Sif Muna.
Sif Muna was greatly pleased with you.
You were very hungry.

You visited 3 branches of the dungeon, and saw 12 of its levels.
You also visited: Sewer and Ice Cave.

You collected 924 gold pieces.

Inventory:

Hand Weapons
 e - a +0 blowgun
 z - a +0 blowgun
 I - a +0 dagger
 L - a +3 short sword of venom (weapon)
Missiles
 w - 122 poisoned needles
Armour
 J - the +1 leather armour of Peek-a-Boo (worn) {*Corrode rPois Int+5}
   (You took it off an orc on level 7 of the Dungeon)

   It affects your intelligence (+5).
   It protects you from poison.
   It may corrode you when you take damage.
Magical Staves
 n - an uncursed staff of summoning
Rods
 g - a +5 rod of shadows (12/12)
   (You found it in an ice cave)
Jewellery
 a - an uncursed ring of ice
 l - an uncursed ring of fire
 t - an uncursed amulet of faith {unknown}
 K - a ring of ice (right hand)
 P - a ring of protection from magic (left hand)
Wands
 m - a wand of slowing (22/48)
 F - a wand of random effects (31/48)
 M - a wand of flame (39/48)
Scrolls
 d - a scroll of blinking
 f - 2 scrolls of fog
 j - 2 scrolls of teleportation
 q - 3 scrolls of immolation
 r - a scroll of enchant weapon
 y - a scroll of amnesia
 B - 3 scrolls of random uselessness
 C - a scroll of enchant armour
 G - a scroll of remove curse
Potions
 i - a potion of ambrosia {unknown}
 k - 3 potions of heal wounds
 o - 4 potions of might
 s - 5 potions of flight
 v - 2 potions of lignification
 x - a potion of brilliance
 A - 2 potions of curing
 D - a potion of agility
 H - 2 potions of cure mutation
Books
 b - a book of Frost

   Spells                             Type                      Level
   a - Freeze                         Ice                          1
   b - Throw Frost                    Conjuration/Ice              2
   c - Ozocubu's Armour               Charms/Ice                   3
   d - Throw Icicle                   Conjuration/Ice              4
   e - Summon Ice Beast               Ice/Summoning                4
 p - a book of Minor Magic

   Spells                             Type                      Level
   a - Magic Dart                     Conjuration                  1
   b - Blink                          Translocation                2
   c - Call Imp                       Summoning                    2
   d - Repel Missiles                 Charms/Air                   2
   e - Slow                           Hexes                        2
   f - Conjure Flame                  Conjuration/Fire             3
   g - Mephitic Cloud                 Conjuration/Poison/Air       3
 N - a book of Maledictions

   Spells                             Type                      Level
   a - Corona                         Hexes                        1
   b - Ensorcelled Hibernation        Hexes/Ice                    2
   c - Confuse                        Hexes                        3
   d - Tukima's Dance                 Hexes                        3
   e - Dazzling Spray                 Conjuration/Hexes            3
 O - Sif Muna's Compendium of the Unstable Oath
   (Sif Muna gifted it to you in an ice cave)

   Spells                             Type                      Level
   a - Gell's Gravitas                Hexes/Translocation          3
   b - Cause Fear                     Hexes                        4
   c - Silence                        Hexes/Air                    5
   d - Metabolic Englaciation         Hexes/Ice                    5
   e - Alistair's Intoxication        Transmutation/Poison         5
Comestibles
 c - 6 bread rations
 h - 9 meat rations
 u - 6 fruits
 E - a royal jelly


   Skills:
 + Level 1.1 Short Blades
 - Level 2.0 Armour
 + Level 4.0 Dodging
 + Level 4.9 Stealth
 * Level 15.8 Spellcasting
 + Level 6.3 Conjurations
 + Level 4.8 Summonings
 + Level 0.4 Fire Magic
 * Level 12.6 Ice Magic
 + Level 1.0 Air Magic
 + Level 0.2 Poison Magic
 + Level 2.0 Invocations


You had 8 spell levels left.
You knew the following spells:

 Your Spells              Type           Power        Failure   Level  Hunger
a - Freeze                Ice            ####         1%          1    None
b - Throw Frost           Conj/Ice       ######       1%          2    None
c - Ozocubu's Armour      Chrm/Ice       ######..     1%          3    None
d - Throw Icicle          Conj/Ice       #######.     1%          4    None
e - Summon Ice Beast      Ice/Summ       #######.     1%          4    None
f - Blink                 Tloc           N/A          8%          2    None
g - Repel Missiles        Chrm/Air       ####..       6%          2    None
h - Mephitic Cloud        Conj/Pois/Air  #####...     4%          3    None
i - Ensorcelled Hibernat  Hex/Ice        ######       1%          2    None
j - Conjure Flame         Conj/Fire      #####...     2%          3    None
k - Confuse               Hex            ###.....     12%         3    None
l - Cause Fear            Hex            ###.......   38%         4    None


Dungeon Overview and Level Annotations

Branches:
Dungeon (10/15)            Temple (1/1) D:5            Lair (1/6) D:10
    Orc (0/2) D:10

Altars:
Ashenzari
Dithmenos
Elyvilon
Gozag
Kikubaaqudgha
Makhleb
Nemelex Xobeh
Okawaru
Qazlal
Sif Muna
Vehumet
Xom
The Shining One

Annotations:
Lair:1 Harold


Message History

Aiming: Throw Icicle
Press: ? - help, Shift-Dir - straight line, f - Harold
Aim: Harold, wielding a hand axe and wearing a ring mail You feel a surge of power!
The shard of ice hits Harold.
Harold is moderately wounded.
Harold barely misses you.
Casting: Throw Icicle
Confirm with . or Enter, or press ? or * to list all spells.
You feel a surge of power! A chill wind blows around you.
Harold closely misses you. Harold barely misses your ice beast.
Casting: Summon Ice Beast
Confirm with . or Enter, or press ? or * to list all spells.
You feel a surge of power! A chill wind blows around you.
Harold hits you with a hand axe!
Harold hits your ice beast with a hand axe.
Your ice beast barely misses Harold.
Harold points at you and mumbles some strange words.
The bolt of fire hits you! The fire burns you terribly!
Ouch! That really hurt!
You die...

*,,** ##.# **,,,, ******,* #.#
*,,,,, *,,,8,,* ##.# **,,,,
**,,,,,* #P.## ***** *8,>,8*
##..# ***, *,,,,,* ##.## **,*+ ##
**,,,** #..P# *,,,, .###*,,,***
######@Y#********,,,,
...#*,,,,,**#..Y@.#)..#,**,**,,,,
#..#.,,,,,,#.##.#.........,,*,,,,
.....*,,,,,,,.†.......####*,+,,,,
...+,.,8,,,+..$8.......# ***,,,,
..#..,,,,*,#..........## ***,+
##.#,,,,,,,#.#.###....# **,
..##*,,,,,,##..,,,##### *,
###**,*+****###,*.#*** **,
#*,,*,,,,**** ***...,* *,*


You could see Harold and 2 friendly ice beasts.

Vanquished Creatures
  A frost giant (IceCv)
  An ice statue (IceCv)
  A spiny frog (Lair:1)
  A komodo dragon (D:10)
  A rime drake (IceCv)
  10 polar bears (IceCv)
  2 hornets
  Prince Ribbit (D:5)
  Eustachio (D:5)
  19 yaks (IceCv)
  A basilisk (Lair:1)
  2 steam dragons
  2 orc warriors (D:10)
  A sky beast (D:9)
  3 ogres
  6 wolves (IceCv)
  3 centaurs
  4 crocodiles (Lair:1)
  3 big kobolds
  5 bullfrogs
  A wyvern zombie (D:10)
  A scorpion (D:10)
  10 wights
  3 howler monkeys
  A crimson imp (D:10)
  2 jellies
  A bullfrog zombie (D:7)
  5 hounds
  4 orc priests
  8 iguanas
  7 orc wizards
  8 worker ants
  2 gnolls (D:7)
  10 adders
  2 river rats (Sewer)
  A shadow imp (D:6)
  An ooze (D:4)
  2 worms
  A dart slug (D:3)
  5 leopard geckos
  18 orcs
  A ball python (D:2)
  7 giant cockroaches
  7 goblins
  6 hobgoblins
  8 jackals
  3 quokkas
  11 bats
  5 frilled lizards
  12 kobolds
  A quokka skeleton (D:4)
  16 rats
238 creatures vanquished.

Vanquished Creatures (collateral kills)
  Gastronok (D:8)
  A rime drake (IceCv)
  A polar bear (IceCv)
  A two-headed ogre (D:6)
  6 yaks (IceCv)
  2 hungry ghosts
  Menkaure (D:5)
  An orc warrior (D:8)
  2 black bears
  2 ice beasts
  2 phantoms (D:5)
  8 wolves (IceCv)
  A centaur (D:5)
  A big kobold (D:8)
  Blork the orc (D:5)
  A bullfrog (D:7)
  5 wights
  A howler monkey (D:8)
  A crimson imp (D:6)
  The ghost of Blackmore the Chiller, a weakling DEIE (D:4)
  A hound (D:8)
  A centaur skeleton (D:4)
  A worker ant (D:8)
  An adder (D:6)
  2 gnolls (D:7)
  A shadow imp (D:6)
  An orc (D:8)
  8 kobolds
  A quokka skeleton (D:7)
57 creatures vanquished.

Grand Total: 295 creatures vanquished

Notes
Turn   | Place    | Note
-------+----------+-------------------------------------------
     0 | D:1      | Blackmore the Deep Elf Ice Elementalist began the quest for the Orb.
     0 | D:1      | Reached XP level 1. HP: 10/10 MP: 6/6
   466 | D:1      | Reached XP level 2. HP: 15/15 MP: 4/8
  1091 | D:2      | Reached skill level 4 in Spellcasting
  1091 | D:2      | Reached XP level 3. HP: 18/19 MP: 4/10
  1119 | D:2      | Learned a level 2 spell: Throw Frost
  1124 | D:2      | Learned a level 3 spell: Ozocubu's Armour
  1752 | D:3      | Reached XP level 4. HP: 24/24 MP: 9/12
  1760 | D:3      | Learned a level 4 spell: Throw Icicle
  1791 | D:3      | Found a shadowy altar of Dithmenos.
  2501 | D:3      | Reached skill level 5 in Spellcasting
  2680 | D:4      | Found a glowing drain.
  2683 | Sewer    | Entered a sewer
  2811 | Sewer    | Noticed a big kobold
  2957 | Sewer    | Killed a big kobold
  2957 | Sewer    | Reached skill level 5 in Ice Magic
  2957 | Sewer    | Reached XP level 5. HP: 28/28 MP: 1/15
  2963 | Sewer    | Learned a level 4 spell: Summon Ice Beast
  3145 | Sewer    | Found a white marble altar of Elyvilon.
  3348 | D:4      | Reached skill level 6 in Spellcasting
  3478 | D:4      | Noticed Blackmore's ghost (weakling DEIE)
  3484 | D:4      | Killed Blackmore's ghost
  3623 | D:4      | Learned a level 2 spell: Blink
  3855 | D:4      | Reached XP level 6. HP: 24/32 MP: 6/17
  4350 | D:5      | Entered Level 5 of the Dungeon
  4363 | D:5      | Noticed an ice beast
  4393 | D:5      | Killed an ice beast
  4418 | D:5      | Noticed Blork the orc
  4519 | D:5      | Reached skill level 7 in Spellcasting
  4639 | D:5      | Got an ichor-stained shield
  4645 | D:5      | Identified the cursed -8 shield of Sotwyrgha {rN+} (You found it on level 5 of the Dungeon)
  4660 | D:5      | Noticed Eustachio
  4971 | D:5      | Noticed Menkaure
  4981 | D:5      | Noticed Prince Ribbit
  5372 | D:5      | Reached skill level 1 in Summonings
  5372 | D:5      | Reached XP level 7. HP: 26/36 MP: 4/20
  5391 | D:5      | Killed Eustachio
  5429 | D:5      | Found a staircase to the Ecumenical Temple.
  5855 | D:5      | Killed Blork the orc
  6019 | D:5      | Killed Prince Ribbit
  6019 | D:5      | Reached skill level 8 in Spellcasting
  6162 | D:5      | Killed Menkaure
  6466 | D:5      | Reached XP level 8. HP: 23/41 MP: 7/22
  6599 | Temple   | Entered the Ecumenical Temple
  6707 | Temple   | Became a worshipper of Sif Muna the Loreminder
  6759 | D:6      | Learned a level 2 spell: Repel Missiles
  6763 | D:6      | Learned a level 3 spell: Mephitic Cloud
  6838 | D:6      | Reached skill level 9 in Spellcasting
  6947 | D:6      | Found an iron altar of Okawaru.
  7028 | D:6      | Noticed a two-headed ogre
  7041 | D:6      | Killed a two-headed ogre
  7364 | D:7      | Reached skill level 10 in Spellcasting
  7386 | D:7      | Reached * piety under Sif Muna
  8091 | D:7      | Reached XP level 9. HP: 39/45 MP: 6/25
  8228 | D:7      | Got a shimmering leather armour
  8239 | D:7      | Identified the +1 leather armour of Peek-a-Boo {*Corrode rPois Int+5} (You took it off an orc on level 7 of the Dungeon)
  8747 | D:8      | Noticed Gastronok
  8763 | D:8      | Noticed a centaur warrior
  8765 | D:8      | Reached skill level 11 in Spellcasting
  8777 | D:8      | HP: 2/45 [centaur warrior/arrow (11)]
  8782 | D:8      | Reached ** piety under Sif Muna
  9254 | D:8      | Learned a level 2 spell: Ensorcelled Hibernation
  9258 | D:8      | Learned a level 3 spell: Conjure Flame
  9262 | D:8      | Learned a level 3 spell: Confuse
  9647 | D:8      | Killed Gastronok
  9647 | D:8      | Reached *** piety under Sif Muna
  9647 | D:8      | Reached skill level 1 in Armour
  9647 | D:8      | Reached skill level 12 in Spellcasting
  9884 | D:8      | Reached XP level 10. HP: 50/50 MP: 19/28
 10165 | D:9      | Reached skill level 10 in Ice Magic
 10933 | D:10     | Entered Level 10 of the Dungeon
 11212 | D:10     | Reached skill level 13 in Spellcasting
 11559 | D:10     | Found a staircase to the Orcish Mines.
 11950 | D:10     | Found a staircase to the Lair.
 12241 | Lair:1   | Entered Level 1 of the Lair of Beasts
 12262 | Lair:1   | Noticed a spiny frog
 12265 | Lair:1   | Killed a spiny frog
 12286 | Lair:1   | Found a frozen archway.
 12302 | IceCv    | Entered an ice cave
 12327 | IceCv    | Reached **** piety under Sif Muna
 12339 | IceCv    | Reached skill level 1 in Short Blades
 12429 | IceCv    | Reached skill level 14 in Spellcasting
 12429 | IceCv    | Reached skill level 5 in Conjurations
 12528 | IceCv    | Reached XP level 11. HP: 23/54 MP: 1/31
 12932 | IceCv    | Reached skill level 1 in Invocations
 13674 | IceCv    | Reached ***** piety under Sif Muna
 13734 | IceCv    | Gained mutation: Scrolls take you a little longer to read. [potion of mutation]
 13734 | IceCv    | Gained mutation: You are somewhat resistant to further mutation. [potion of mutation]
 13795 | IceCv    | Reached skill level 15 in Spellcasting
 13973 | IceCv    | Identified Sif Muna's Compendium of the Unstable Oath (Sif Muna gifted it to you in an ice cave)
 13973 | IceCv    | Received a gift from Sif Muna
 14055 | IceCv    | Learned a level 4 spell: Cause Fear
 14221 | IceCv    | Noticed a frost giant
 16048 | IceCv    | Killed a frost giant
 16583 | Lair:1   | Lost mutation: Scrolls take you a little longer to read. [potion of cure mutation]
 16583 | Lair:1   | Lost mutation: You are somewhat resistant to further mutation. [potion of cure mutation]
 16615 | Lair:1   | Reached skill level 1 in Air Magic
 16724 | Lair:1   | Noticed Harold
 16729 | Lair:1   | Killed from afar by Harold

Vault maps used:
D:1:      minmay_arrival_nine_rooms
D:2:      minmay_misc_feat_tower
D:3:      grunt_dithmenos_smoke
D:4:      gup_sewer_entry_spiral
D:5:      first_bread, uniq_menkaure, uniq_eustachio, uniq_blork_the_orc,
          uniq_prince_ribbit1
D:6:      basic_altar
D:8:      uniq_gastronok
D:10:     erik_lair_dragon, orc_david_3
Temple:   roderic_octagonal_lattice_temple
Lair:1:   portal_ice_cave_entry_pillars_1, grunt_megastairs_1, uniq_harold
Sewer:    sewer_kobolds
IceCv:    ice_cave_caverns_01

Skill      XL: |  1  2  3  4  5  6  7  8  9 10 11 |
---------------+----------------------------------+-----
Spellcasting   | 4 5 6 7 8 10 12 14 15 | 15.8
Ice Magic      | 4 5 6 7 8 9 11 12 | 12.6
Conjurations   | 2 4 5 6 |  6.3
Summonings     | 1 3 4 |  4.8
Dodging        | 3 4 |  4.0
Stealth        | 3 4 |  4.9
Armour         | 1 2 |  2.0
Short Blades   | 1 |  1.1
Invocations    | 2 |  2.0
Air Magic      | 1 |  1.0
Fire Magic     | |  0.4
Poison Magic   | |  0.2

Action                   |  1- 3 |  4- 6 |  7- 9 | 10-12 || total
-------------------------+-------+-------+-------+-------++-------
Melee: Unarmed           |     4 |     2 |       |       ||     6
       Falchion          |       |     2 |     3 |       ||     5
       Dagger            |       |       |     4 |       ||     4
       Short sword       |       |       |       |    31 ||    31
 Fire: Blowgun           |       |    24 |       |       ||    24
 Cast: Freeze            |    39 |    44 |    39 |     1 ||   123
       Throw Frost       |     9 |    80 |    48 |       ||   137
       Ozocubu's Armour  |     1 |       |       |     1 ||     2
       Throw Icicle      |       |     4 |    38 |   180 ||   222
       Summon Ice Beast  |       |    12 |    56 |    28 ||    96
       Repel Missiles    |       |       |     2 |       ||     2
       Confuse           |       |       |       |     3 ||     3
       Conjure Flame     |       |       |       |     5 ||     5
       Mephitic Cloud    |       |       |       |     2 ||     2
Invok: Divine Energy     |       |       |     1 |       ||     1
       Channel Magic     |       |       |       |     4 ||     4
  Use: Scroll            |       |    10 |     1 |    17 ||    28
       Potion            |       |     2 |     3 |     8 ||    13
 Stab: Sleeping          |       |       |     2 |     2 ||     4
       Confused          |       |       |       |     2 ||     2
  Eat: Chunk             |     3 |    12 |    16 |    14 ||    45
       Pizza             |       |       |     1 |     2 ||     3
       Beef jerky        |       |       |       |     1 ||     1
       Royal jelly       |       |       |       |     1 ||     1
Armor: Robe              |     3 |     5 |     3 |       ||    11
       Leather armour    |       |       |     4 |     8 ||    12
Dodge: Dodged            |    30 |    29 |    54 |    39 ||   152
       Deflected         |       |       |     6 |     1 ||     7
       Rpst.: Falchion   |       |     2 |     1 |       ||     3
